General information
- name: BNet
- type: Ladder team game (AT/RT)
- host: Battle.net
- saver: melgibson-lol
map: GoldRush
- players: 8
- length: 39:42
- speed: Fast
- version: 1.24 W3XP
- replay type: Public
» download(217 KB)
Players
team 1 (loser)
Rampager (
red | 66 APM | 2599 actions | 39:25)
8 Keeper of the Grove
3 Entangling Roots
3 Thorns Aura
1 Tranquility
1 Force of Nature
» actions
| Assign group hotkey | 18 | |
| Basic commands | 4 | |
| Build / train | 66 | |
| Enter build submenu | 18 | |
| Enter hero's abilities submenu | 8 | |
| Give item / drop item | 1 | |
| Right click | 1632 | |
| Select / deselect | 235 | |
| Select group hotkey | 545 | |
| Use ability | 72 | |
2599 total
» units
| Wisp | 13 | |
| Archer | 7 | |
| Dryad | 8 | |
| Druid of the Claw | 3 | |
| Huntress | 4 | |
35 total
» upgrades
| Strength of the Moon | 2 | |
| Ultravision | 1 | |
| Moon Armor | 2 | |
| Reinforced Hides | 3 | |
| Improved Bows | 1 | |
| Abolish Magic | 1 | |
| Druid of the Claw Training | 2 | |
| Strength of the Wild | 2 | |
| Marksmanship | 1 | |
15 total
» buildings
| Altar of Elders | 1 | |
| Moon Well | 5 | |
| Ancient of War | 1 | |
| Hunter's Hall | 1 | |
| Ancient Protector | 5 | |
| Tree of Ages | 1 | |
| Ancient of Lore | 2 | |
| Tree of Eternity | 1 | |
| Tree of Life | 1 | |
18 total
» build order
00:16 Altar of Elders
00:21 Moon Well
00:34 Ancient of War
01:37 Hunter's Hall
01:59 Moon Well
02:44 Ancient Protector
04:11 Moon Well
06:10 Tree of Ages
06:36 Moon Well
06:48 Moon Well
08:47 Ancient of Lore
09:52 Tree of Eternity
10:00 Ancient Protector
14:53 Ancient of Lore
15:07 Ancient Protector
19:32 Tree of Life
21:09 Ancient Protector
21:14 Ancient Protector
» items
| Potion of Lesser Invulnerability | 2 | |
| Scroll of Healing | 1 | |
| Scroll of Protection | 1 | |
4 total
NoRetreat (
pink | 47 APM | 1858 actions | 39:39)
10 Blademaster
3 Wind Walk
3 Critical Strike
1 Bladestorm
3 Mirror Image
» actions
| Assign group hotkey | 48 | |
| Basic commands | 246 | |
| Build / train | 76 | |
| Enter build submenu | 64 | |
| Enter hero's abilities submenu | 10 | |
| Give item / drop item | 5 | |
| Remove unit from queue | 3 | |
| Right click | 825 | |
| Select / deselect | 303 | |
| Select group hotkey | 128 | |
| Use ability | 150 | |
1858 total
» units
» upgrades
| Pillage | 1 | |
| Ranged Weapons | 3 | |
| Reinforced Defenses | 1 | |
| Armor | 3 | |
| Envenomed Spears | 1 | |
9 total
» buildings
| Orc Burrow | 6 | |
| Altar of Storms | 1 | |
| Barracks | 1 | |
| Voodoo Lounge | 2 | |
| Stronghold | 1 | |
| Great Hall | 5 | |
| War Mill | 3 | |
| Watch Tower | 48 | |
| Fortress | 1 | |
| Beastiary | 6 | |
74 total
» build order
00:23 Orc Burrow
00:30 Altar of Storms
00:55 Barracks
01:22 Orc Burrow
02:14 Voodoo Lounge
03:25 Stronghold
03:46 Great Hall
05:04 War Mill
05:07 Orc Burrow
06:21 Watch Tower
06:21 Watch Tower
06:30 Watch Tower
06:31 Watch Tower
08:46 Fortress
08:50 Watch Tower
08:54 Watch Tower
10:51 Watch Tower
10:52 Watch Tower
10:53 Watch Tower
10:55 Watch Tower
10:56 Watch Tower
14:05 Watch Tower
14:22 Great Hall
14:54 Watch Tower
14:54 Watch Tower
14:55 Watch Tower
14:55 Watch Tower
14:55 Watch Tower
15:02 War Mill
16:51 Voodoo Lounge
17:18 Great Hall
17:25 Watch Tower
17:25 Watch Tower
17:25 Watch Tower
17:27 Watch Tower
18:08 Watch Tower
18:08 Watch Tower
18:09 Watch Tower
20:09 Great Hall
20:12 Watch Tower
20:12 Watch Tower
20:12 Watch Tower
20:13 Watch Tower
20:14 Watch Tower
20:15 Watch Tower
20:15 Watch Tower
20:18 Watch Tower
20:38 War Mill
23:54 Great Hall
25:42 Beastiary
25:43 Beastiary
25:45 Beastiary
25:46 Beastiary
25:48 Beastiary
25:49 Beastiary
26:25 Orc Burrow
26:27 Orc Burrow
26:34 Orc Burrow
27:46 Watch Tower
27:47 Watch Tower
27:48 Watch Tower
27:50 Watch Tower
27:51 Watch Tower
27:52 Watch Tower
27:52 Watch Tower
27:53 Watch Tower
27:53 Watch Tower
27:54 Watch Tower
27:54 Watch Tower
27:55 Watch Tower
27:55 Watch Tower
27:56 Watch Tower
27:57 Watch Tower
27:58 Watch Tower
» items
| Healing Salve | 4 | |
| Circlet of Nobility | 2 | |
| Boots of Speed | 1 | |
| Scroll of Town Portal | 5 | |
| Lesser Clarity Potion | 4 | |
| Potion of Healing | 2 | |
| Potion of Mana | 2 | |
| Orb of Lightning | 1 | |
| Staff of Teleportation | 1 | |
22 total

»
Jambi42 (
orange | 23 APM | 781 actions | 34:18)
7 Pit Lord
3 Cleaving Attack
3 Rain of Fire
1 Doom
» actions
| Assign group hotkey | 3 | |
| Basic commands | 51 | |
| Build / train | 47 | |
| ESC pressed | 6 | |
| Enter build submenu | 16 | |
| Enter hero's abilities submenu | 8 | |
| Give item / drop item | 1 | |
| Right click | 286 | |
| Select / deselect | 316 | |
| Select group hotkey | 3 | |
| Use ability | 44 | |
781 total
» units
» upgrades
| Melee Weapons | 2 | |
| Armor | 2 | |
| Shaman Training | 2 | |
| Pulverize | 1 | |
7 total
» buildings
| Altar of Storms | 1 | |
| Orc Burrow | 8 | |
| Stronghold | 1 | |
| War Mill | 1 | |
| Fortress | 1 | |
| Spirit Lodge | 1 | |
| Tauren Totem | 2 | |
15 total
» build order
00:22 Altar of Storms
00:37 Orc Burrow
03:13 Stronghold
03:23 War Mill
05:08 Orc Burrow
05:43 Fortress
05:47 Orc Burrow
06:47 Orc Burrow
07:03 Spirit Lodge
08:12 Tauren Totem
08:15 Tauren Totem
08:30 Orc Burrow
10:45 Orc Burrow
12:45 Orc Burrow
12:55 Orc Burrow
» items
| Healing Salve | 2 | |
| Lesser Clarity Potion | 1 | |
3 total
MeganFoxPwease (
green | 30 APM | 1032 actions | 34:24)
2 Paladin
1 Devotion Aura
1 Holy Light
2 Mountain King
1 Storm Bolt
1 Thunder Clap
» actions
| Basic commands | 3 | |
| Build / train | 166 | |
| Enter build submenu | 35 | |
| Enter hero's abilities submenu | 4 | |
| Remove unit from queue | 14 | |
| Right click | 336 | |
| Select / deselect | 441 | |
| Use ability | 33 | |
1032 total
» units
| Peasant | 28 | |
| Flying Machine | 100 | |
| Mortar Team | 3 | |
| Knight | 3 | |
134 total
» upgrades
| Gunpowder | 3 | |
| Lumber Harvesting | 1 | |
| Armor | 3 | |
| Flying Machine Bombs | 1 | |
| Flak Cannons | 1 | |
9 total
» buildings
| Altar of Kings | 1 | |
| Farm | 10 | |
| Barracks | 5 | |
| Lumber Mill | 1 | |
| Keep | 1 | |
| Town Hall | 2 | |
| Blacksmith | 1 | |
| Workshop | 6 | |
| Castle | 1 | |
| Scout Tower | 3 | |
| Cannon Tower | 1 | |
32 total
» build order
00:07 Altar of Kings
00:15 Farm
00:58 Barracks
01:20 Lumber Mill
02:10 Farm
02:57 Farm
03:04 Keep
04:03 Town Hall
04:20 Blacksmith
05:43 Workshop
06:11 Farm
06:23 Farm
06:28 Farm
06:49 Castle
06:59 Farm
07:51 Workshop
09:48 Workshop
10:03 Farm
11:42 Town Hall
14:47 Farm
16:45 Farm
29:11 Workshop
29:17 Workshop
29:27 Workshop
29:30 Scout Tower
29:33 Scout Tower
29:35 Scout Tower
30:52 Cannon Tower
31:21 Barracks
31:23 Barracks
31:26 Barracks
31:59 Barracks
team 2 (winner)

»
DeeeaaattttHHH (
teal | 31 APM | 665 actions | 21:20)
3 Firelord
1 Summon Lava Spawn
2 Incinerate
2 Keeper of the Grove
1 Force of Nature
1 Entangling Roots
» actions
| Assign group hotkey | 24 | |
| Basic commands | 14 | |
| Build / train | 67 | |
| Enter build submenu | 21 | |
| Enter hero's abilities submenu | 5 | |
| Remove unit from queue | 1 | |
| Right click | 260 | |
| Select / deselect | 210 | |
| Select group hotkey | 26 | |
| Use ability | 37 | |
665 total
» units
| Wisp | 24 | |
| Huntress | 9 | |
| Hippogryph | 7 | |
| Druid of the Talon | 2 | |
| Archer | 5 | |
| Chimaera | 2 | |
49 total
» upgrades
| Sentinel | 1 | |
| Strength of the Moon | 2 | |
| Strength of the Wild | 1 | |
| Upgrade Moon Glaive | 1 | |
| Druid of the Talon Training | 1 | |
| Marksmanship | 1 | |
| Corrosive Breath | 1 | |
8 total
» buildings
| Moon Well | 8 | |
| Altar of Elders | 1 | |
| Hunter's Hall | 1 | |
| Ancient of War | 1 | |
| Tree of Ages | 1 | |
| Tree of Life | 3 | |
| Ancient of Lore | 1 | |
| Ancient of Wind | 1 | |
| Tree of Eternity | 1 | |
| Chimaera Roost | 2 | |
| Ancient Protector | 3 | |
23 total
» build order
00:35 Moon Well
00:49 Altar of Elders
01:18 Hunter's Hall
01:44 Moon Well
02:17 Ancient of War
02:51 Moon Well
03:33 Tree of Ages
03:49 Moon Well
04:55 Tree of Life
06:11 Ancient of Lore
06:17 Ancient of Wind
08:32 Tree of Eternity
08:51 Moon Well
08:54 Moon Well
10:42 Moon Well
11:15 Tree of Life
13:09 Chimaera Roost
13:16 Chimaera Roost
14:47 Ancient Protector
14:53 Ancient Protector
15:01 Ancient Protector
17:45 Tree of Life
18:59 Moon Well
melgibson-lol (
purple | 60 APM | 2388 actions | 39:42)
10 Mountain King
3 Storm Bolt
3 Bash
1 Avatar
3 Thunder Clap
2 Goblin Alchemist
1 Chemical Rage
1 Healing Spray
» actions
| Assign group hotkey | 36 | |
| Basic commands | 53 | |
| Build / train | 110 | |
| Enter build submenu | 25 | |
| Enter hero's abilities submenu | 12 | |
| Give item / drop item | 7 | |
| Remove unit from queue | 1 | |
| Right click | 893 | |
| Select / deselect | 286 | |
| Select group hotkey | 823 | |
| Use ability | 142 | |
2388 total
» units
| Peasant | 19 | |
| Footman | 4 | |
| Gryphon Rider | 6 | |
| Siege Engine | 6 | |
35 total
» upgrades
| Masonry | 2 | |
| Lumber Harvesting | 2 | |
| Animal War Training | 1 | |
| Swords | 2 | |
| Armor | 1 | |
| Barrage | 1 | |
| Gunpowder | 2 | |
| Plating | 2 | |
| Storm Hammers | 1 | |
14 total
» buildings
| Altar of Kings | 1 | |
| Barracks | 1 | |
| Farm | 12 | |
| Scout Tower | 43 | |
| Lumber Mill | 1 | |
| Arcane Tower | 1 | |
| Arcane Vault | 1 | |
| Town Hall | 2 | |
| Keep | 1 | |
| Guard Tower | 20 | |
| Blacksmith | 1 | |
| Castle | 1 | |
| Gryphon Aviary | 3 | |
| Workshop | 2 | |
90 total
» build order
00:15 Altar of Kings
00:22 Barracks
00:37 Farm
00:52 Farm
01:44 Scout Tower
01:49 Farm
02:10 Lumber Mill
02:16 Arcane Tower
02:44 Arcane Vault
03:47 Town Hall
03:50 Scout Tower
03:50 Scout Tower
03:50 Scout Tower
04:37 Farm
05:15 Keep
05:18 Guard Tower
05:39 Guard Tower
06:15 Blacksmith
06:56 Guard Tower
07:04 Scout Tower
07:05 Scout Tower
07:05 Scout Tower
07:07 Scout Tower
07:08 Scout Tower
07:09 Scout Tower
07:24 Town Hall
07:45 Guard Tower
07:50 Castle
08:26 Guard Tower
08:31 Gryphon Aviary
08:34 Gryphon Aviary
08:34 Gryphon Aviary
08:38 Farm
08:39 Farm
08:40 Farm
08:41 Farm
08:42 Farm
09:16 Guard Tower
09:20 Farm
09:21 Farm
09:22 Farm
12:44 Scout Tower
12:44 Scout Tower
12:45 Scout Tower
12:46 Scout Tower
12:46 Scout Tower
12:46 Scout Tower
12:47 Scout Tower
12:47 Scout Tower
12:48 Scout Tower
14:00 Guard Tower
14:11 Guard Tower
14:13 Guard Tower
14:37 Guard Tower
14:43 Workshop
15:20 Workshop
19:09 Scout Tower
19:09 Scout Tower
19:09 Scout Tower
19:10 Scout Tower
19:11 Scout Tower
19:12 Scout Tower
19:13 Scout Tower
19:14 Scout Tower
19:14 Scout Tower
19:46 Guard Tower
19:50 Scout Tower
19:50 Scout Tower
19:50 Scout Tower
19:51 Scout Tower
19:52 Scout Tower
20:14 Guard Tower
20:27 Guard Tower
20:27 Guard Tower
21:08 Guard Tower
21:08 Guard Tower
22:08 Guard Tower
22:09 Guard Tower
22:43 Scout Tower
22:43 Scout Tower
22:44 Scout Tower
22:44 Scout Tower
22:44 Scout Tower
22:45 Scout Tower
22:45 Scout Tower
22:45 Scout Tower
23:36 Guard Tower
24:46 Guard Tower
» items
| Scroll of Regeneration | 6 | |
| Staff of Teleportation | 1 | |
| Dust of Appearance | 1 | |
| Potion of Lesser Invulnerability | 1 | |
| Scroll of Town Portal | 6 | |
| Scroll of Healing | 1 | |
| Lesser Clarity Potion | 1 | |
| Potion of Mana | 1 | |
| Staff of Sanctuary | 1 | |
| Orb of Fire | 1 | |
| Potion of Healing | 1 | |
21 total
WatchYourMain (
yellow | 38 APM | 1508 actions | 39:40)
5 Mountain King
3 Storm Bolt
2 Bash
» actions
| Basic commands | 30 | |
| Build / train | 146 | |
| Enter build submenu | 89 | |
| Enter hero's abilities submenu | 5 | |
| Right click | 496 | |
| Select / deselect | 564 | |
| Use ability | 178 | |
1508 total
» units
| Peasant | 23 | |
| Rifleman | 20 | |
| Mortar Team | 11 | |
| Forest Troll Shadow Priest | 1 | |
| Ogre Mauler | 1 | |
| Mud Golem | 1 | |
| Forest Troll Berserker | 1 | |
| Sorceress | 7 | |
| Dryad | 8 | |
| Wisp | 11 | |
| Archer | 9 | |
93 total
» upgrades
| Gunpowder | 3 | |
| Armor | 3 | |
| Masonry | 3 | |
| Lumber Harvesting | 1 | |
| Long Rifles | 1 | |
| Sorceress Training | 2 | |
| Magic Sentry | 1 | |
| Fragmentation Shards | 1 | |
| Strength of the Moon | 1 | |
| Moon Armor | 1 | |
| Nature's Blessing | 1 | |
18 total
» buildings
| Altar of Kings | 1 | |
| Farm | 15 | |
| Blacksmith | 1 | |
| Barracks | 1 | |
| Lumber Mill | 1 | |
| Town Hall | 5 | |
| Scout Tower | 20 | |
| Guard Tower | 12 | |
| Keep | 1 | |
| Arcane Vault | 1 | |
| Arcane Tower | 3 | |
| Workshop | 2 | |
| Arcane Sanctum | 1 | |
| Castle | 1 | |
| Altar of Elders | 2 | |
| Moon Well | 12 | |
| Hunter's Hall | 2 | |
| Ancient Protector | 15 | |
| Ancient of War | 2 | |
| Tree of Ages | 2 | |
100 total
» build order
00:11 Altar of Kings
00:14 Farm
01:06 Farm
01:33 Blacksmith
01:51 Barracks
02:04 Farm
02:47 Farm
03:02 Lumber Mill
04:20 Town Hall
06:04 Scout Tower
06:07 Scout Tower
06:18 Farm
06:35 Guard Tower
06:40 Scout Tower
06:56 Farm
06:59 Scout Tower
07:02 Keep
08:29 Farm
08:35 Arcane Vault
08:39 Guard Tower
08:45 Scout Tower
08:47 Scout Tower
08:54 Scout Tower
09:10 Farm
09:19 Farm
09:32 Arcane Tower
09:32 Arcane Tower
09:38 Guard Tower
09:41 Farm
09:44 Farm
09:57 Workshop
10:11 Workshop
11:19 Arcane Sanctum
13:09 Town Hall
14:30 Castle
15:36 Scout Tower
15:39 Scout Tower
18:09 Scout Tower
20:16 Guard Tower
24:41 Town Hall
25:22 Guard Tower
25:30 Scout Tower
26:09 Scout Tower
26:10 Guard Tower
26:38 Guard Tower
26:41 Scout Tower
26:46 Scout Tower
27:04 Town Hall
27:21 Guard Tower
27:23 Guard Tower
27:27 Scout Tower
27:30 Scout Tower
27:35 Scout Tower
27:43 Farm
27:58 Farm
28:03 Scout Tower
28:08 Guard Tower
28:13 Scout Tower
28:41 Guard Tower
28:45 Scout Tower
28:48 Farm
29:00 Farm
29:27 Guard Tower
30:20 Altar of Elders
30:23 Moon Well
30:26 Moon Well
30:29 Moon Well
30:33 Hunter's Hall
31:30 Moon Well
31:32 Moon Well
31:35 Hunter's Hall
31:38 Moon Well
31:43 Moon Well
31:46 Moon Well
31:51 Altar of Elders
32:15 Moon Well
32:19 Ancient Protector
32:25 Ancient Protector
32:32 Ancient Protector
32:35 Ancient Protector
32:51 Ancient of War
32:53 Tree of Ages
32:56 Ancient Protector
32:59 Ancient Protector
33:20 Ancient Protector
33:50 Ancient Protector
34:09 Ancient Protector
34:13 Ancient Protector
34:25 Tree of Ages
34:29 Ancient Protector
34:36 Ancient of War
36:04 Ancient Protector
36:10 Ancient Protector
36:18 Ancient Protector
36:40 Ancient Protector
36:47 Moon Well
37:08 Town Hall
37:36 Moon Well
37:40 Moon Well
» items
| Lesser Clarity Potion | 3 | |
| Potion of Healing | 2 | |
| Potion of Lesser Invulnerability | 1 | |
| Scroll of Protection | 1 | |
| Orb of Fire | 1 | |
| Scroll of Town Portal | 1 | |
| Scroll of Regeneration | 1 | |
10 total

»
Trucid (
blue | 35 APM | 804 actions | 22:58)
4 Demon Hunter
1 Mana Burn
2 Evasion
1 Immolation
2 Priestess of the Moon
1 Searing Arrows
1 Trueshot Aura
» actions
| Build / train | 80 | |
| Enter build submenu | 20 | |
| Enter hero's abilities submenu | 6 | |
| Give item / drop item | 1 | |
| Remove unit from queue | 2 | |
| Right click | 377 | |
| Select / deselect | 286 | |
| Use ability | 32 | |
804 total
» units
| Wisp | 28 | |
| Archer | 11 | |
| Dryad | 3 | |
| Druid of the Claw | 16 | |
58 total
» upgrades
| Improved Bows | 1 | |
| Abolish Magic | 1 | |
| Druid of the Claw Training | 2 | |
| Strength of the Wild | 3 | |
| Marksmanship | 1 | |
| Mark of the Claw | 1 | |
| Reinforced Hides | 1 | |
10 total
» buildings
| Altar of Elders | 1 | |
| Moon Well | 7 | |
| Ancient of War | 3 | |
| Hunter's Hall | 1 | |
| Tree of Ages | 1 | |
| Tree of Eternity | 1 | |
| Ancient of Lore | 4 | |
| Tree of Life | 2 | |
| Ancient of Wonders | 1 | |
21 total
» build order
00:25 Altar of Elders
00:48 Moon Well
01:40 Ancient of War
01:50 Moon Well
02:53 Moon Well
03:18 Hunter's Hall
03:42 Ancient of War
03:54 Moon Well
04:38 Ancient of War
04:40 Tree of Ages
04:53 Moon Well
05:48 Moon Well
08:05 Tree of Eternity
08:12 Ancient of Lore
08:24 Ancient of Lore
11:28 Tree of Life
12:43 Ancient of Wonders
14:08 Tree of Life
15:12 Ancient of Lore
17:18 Ancient of Lore
20:01 Moon Well
Chat log
(00:04 / All) NoRetreat: I'll bury you in a rose garden, woman
(00:07 / All) melgibson-lol: ill bury you in a rose garden, woman
(00:11 / All) NoRetreat: I'll bury you in a rose garden, woman
(00:24 / All) melgibson-lol: ill bury you in a rose garden, woman
(00:25 / Allies) WatchYourMain: rifle morts tanks
(00:31 / Allies) melgibson-lol: no tanks
(00:38 / All) NoRetreat: I'll bury you in a rose garden, woman
(00:42 / Allies) WatchYourMain: k
(00:45 / Allies) melgibson-lol: i always get tanks griffs
(01:01 / Allies) WatchYourMain: k rifle morts and sorc
(01:06 / Allies) melgibson-lol: atta boy
(01:29 / All) NoRetreat: I'll bury you in a rose garden, woman
(01:56 / All) melgibson-lol: ill bury you in a rose garden, woman
(02:18 / Allies) melgibson-lol: wood plz?
(02:21 / Allies) melgibson-lol: gonna fast expand
(02:45 / All) NoRetreat: I'll bury you in a rose garden, woman
(04:19 / Allies) melgibson-lol: gold plz?
(05:21 / All) NoRetreat: I'll bury you in a rose garden, woman
(08:09 / Allies) melgibson-lol: wood blue?
(08:12 / Allies) melgibson-lol: plz buddy
(08:14 / Allies) melgibson-lol: 400 wood
(09:25 / All) melgibson-lol: plz
(09:28 / Allies) melgibson-lol: plz
(09:29 / Allies) melgibson-lol: bathroom
(09:36 / All) Jambi42: you didnt even leave clearly
(09:58 / Allies) melgibson-lol: wood
(10:00 / Allies) melgibson-lol: blue?
(10:38 / All) Rampager: meet
(12:09 / Allies) melgibson-lol: wood
(12:09 / Allies) melgibson-lol: wood
(12:10 / Allies) melgibson-lol: wood
(13:39 / Allies) melgibson-lol: blue plz get bears no dryads
(13:42 / Allies) melgibson-lol: they are getting mortars
(13:47 / Allies) melgibson-lol: ur dryads will doe quicck
(13:49 / Allies) melgibson-lol: we need melee
(13:50 / Allies) Trucid: ok
(14:50 / Allies) melgibson-lol: wood?
(16:45 / Allies) melgibson-lol: dont hit pink
(16:47 / Allies) melgibson-lol: he has towers
(16:49 / Allies) melgibson-lol: hit middle bottom
(17:46 / Allies) melgibson-lol: oops
(17:47 / Allies) melgibson-lol: sorry
(18:16 / Allies) melgibson-lol: more bears
(18:16 / Allies) melgibson-lol: blue
(20:02 / Allies) melgibson-lol: ignore
(20:04 / Allies) melgibson-lol: help teal
(20:31 / Allies) melgibson-lol: dont leave
(20:32 / Allies) melgibson-lol: we got this
(20:47 / Allies) WatchYourMain: i need gold
(20:59 / Allies) WatchYourMain: ty
(21:15 / Allies) WatchYourMain: should i get tanks?
(21:20 / Allies) WatchYourMain: who has aa?
(21:38 / All) NoRetreat: I'll bury you in a rose garden, woman
(22:22 / Allies) melgibson-lol: kill oj hero
(23:59 / All) melgibson-lol: ill bury you in a rose garden, woman
(24:18 / Allies) melgibson-lol: yellow
(24:21 / Allies) melgibson-lol: quit attacking pink
(24:22 / Allies) melgibson-lol: idiot
(24:33 / Allies) WatchYourMain: we lost anyways
(24:36 / Allies) melgibson-lol: no we didnt
(24:38 / Allies) melgibson-lol: pink is my friend
(24:40 / Allies) melgibson-lol: he is gonna bs
(25:16 / Allies) WatchYourMain: i dont think so
(25:24 / Allies) melgibson-lol: yes fool
(26:02 / Allies) WatchYourMain: i need gold
(28:35 / Allies) WatchYourMain: they have all expos how we gonna win?
(29:11 / All) Jambi42: peons owning your ass
(29:20 / Allies) WatchYourMain: can i get some gold u have 3k
(29:22 / Allies) WatchYourMain: please
(29:58 / Allies) WatchYourMain: can i get gold please
(30:52 / All) melgibson-lol: leave fags
(31:01 / All) MeganFoxPwease: shut the fuck up
(31:06 / All) melgibson-lol: ur trash noob
(31:14 / All) MeganFoxPwease: haha oh god u called me a noob
(31:27 / All) melgibson-lol: ur 5-15
(31:36 / All) MeganFoxPwease: i dont care
(31:45 / All) MeganFoxPwease: maybe i get off my ass and do other shit
(32:04 / All) melgibson-lol: like have sex with ur dog
(32:12 / All) MeganFoxPwease: thats exactly wut i do
(32:20 / All) MeganFoxPwease: good one you got me
(32:38 / All) NoRetreat: get his hall
(32:51 / All) MeganFoxPwease: no retreat ur a fucking rat
(33:06 / All) NoRetreat: Thank you sir, kind of you to notice
(33:16 / All) MeganFoxPwease: no problem dude
(33:20 / All) melgibson-lol: successful game
(33:23 / All) melgibson-lol: turncoat sir
(33:41 / All) NoRetreat: red's getting me back by killing a dead expo
(33:46 / All) NoRetreat: drained
(33:48 / All) melgibson-lol: lalw
(34:39 / All) NoRetreat: Rampager remember us?
(34:46 / All) NoRetreat: We just had a game with you
(34:53 / All) NoRetreat: SaltTheEarth
(35:22 / Allies) WatchYourMain: y u move them?????
(36:09 / All) NoRetreat: Red do you remember us?
(36:42 / All) melgibson-lol: wheres ur hero yellow
(36:55 / Allies) WatchYourMain: i need gold i have no hero
(37:48 / Allies) WatchYourMain: y man
(37:56 / All) melgibson-lol: nothing personal yellow
(38:02 / All) melgibson-lol: i just want red to lose
(39:37 / All) NoRetreat: Red should get loss anyway